Map: Orbital Shipyard

Players

brent

  • Race: Terran Terran
  • League: Master

TheDoctor - Winner!

  • Race: Protoss Protoss
  • League: Grandmaster

Event: Lycan League Weekly September #1

VOD

Have the link to the VOD?

Description

Time

  • Played on: Sept. 21, 2015, 12:28 p.m.
  • Length: 5:37

All games in this series

Show
View Real Time Build Order
Export as new Build Order

brent Terran 

Build Orders:  

Get SALT Encoding   

  12  0:01  SCV  
  13  0:13  SCV  
  14  0:17  Supply Depot  
  14  0:25  Refinery  
  14  0:27  SCV  
  15  0:40  SCV  
  16  0:45  Barracks  
  16  0:53  SCV  
  17  1:07  SCV  
  17  1:08  Barracks  
  18  1:20  SCV  
  19  1:31  Marine  
  19  1:32  Factory  
  20  1:42  Orbital Command  
  20  1:51  Barracks Reactor  
  20  1:54  Supply Depot  
  20  1:58  Barracks Tech Lab  
  20  2:09  SCV  
  21  2:21  Marauder  
  21  2:22  SCV  
  24  2:23  Supply Depot  
  24  2:28  Widow Mine  
  26  2:33  Marine x2  
  26  2:34  SCV  
  26  2:35  Concussive Shells  
  29  2:39  Supply Depot  
  29  2:45  Marauder  
  29  2:46  SCV  
  32  2:56  Marine x2  
  32  2:57  Widow Mine  
  35  2:59  SCV  
  36  3:08  Marauder  
  38  3:13  SCV  
  38  3:18  Marine x2  
  41  3:31  Command Center  
  41  3:36  SCV  
  41  3:39  Starport  
  42  3:46  Refinery  
  44  3:59  Marauder, Marine x2  
  46  4:05  SCV  
  46  4:08  Engineering Bay  
  44  4:27  Marauder, Marine  
  44  4:28  Marine  
  41  4:38  SCV  
  41  4:43  Command Center  
  37  4:49  Marine x2  
  37  4:51  SCV  
  40  4:57  Orbital Command  
  40  5:02  Marauder  
  40  5:05  SCV  
  43  5:13  Marine x2  
  45  5:18  SCV  
  48  5:24  SCV  
Show
View Real Time Build Order
Export as new Build Order

TheDoctor Protoss - Winner!

Build Orders: 1 Gate Expand, Dark Templar Rush 

Get SALT Encoding   

  12  0:00  Probe (Chrono Boost)  
  13  0:10  Probe (Chrono Boost)  
  14  0:20  Pylon  
  14  0:21  Probe (Chrono Boost)  
  15  0:37  Probe (Chrono Boost)  
  15  0:39  Gateway  
  15  0:42  Assimilator  
  16  0:47  Probe (Chrono Boost)  
  17  0:57  Probe (Chrono Boost)  
  18  1:07  Probe (Chrono Boost)  
  19  1:17  Nexus  
  19  1:26  Cybernetics Core  
  19  1:29  Probe (Chrono Boost)  
  20  1:35  Assimilator  
  20  1:38  Probe (Chrono Boost)  
  21  1:44  Pylon  
  21  1:48  Probe (Chrono Boost)  
  22  1:54  Pylon  
  22  2:02  Mothership Core (Chrono Boost)  
  24  2:09  Stalker  
  26  2:18  Warp Gate  
  26  2:20  Probe (Chrono Boost)  
  27  2:29  Probe (Chrono Boost)  
  28  2:30  Probe (Chrono Boost)  
  29  2:37  Twilight Council  
  29  2:39  Probe (Chrono Boost)  
  29  2:40  Probe (Chrono Boost)  
  31  2:49  Probe (Chrono Boost)  
  31  2:50  Probe (Chrono Boost)  
  33  2:51  Stalker  
  35  2:59  Probe x2 (Chrono Boost)  
  35  3:02  Pylon  
  37  3:08  Probe (Chrono Boost)  
  37  3:09  Probe (Chrono Boost)  
  39  3:20  Robotics Facility  
  39  3:22  Gateway  
  39  3:24  Probe (Chrono Boost)  
  39  3:25  Probe (Chrono Boost)  
  41  3:34  Probe (Chrono Boost)  
  41  3:35  Probe (Chrono Boost)  
  41  3:36  Dark Shrine  
  43  3:42  Pylon  
  43  3:44  Probe (Chrono Boost)  
  43  3:45  Probe (Chrono Boost)  
  45  3:49  Pylon  
  45  3:50  Stalker  
  47  4:00  Probe x2 (Chrono Boost)  
  49  4:05  Forge  
  49  4:14  Probe (Chrono Boost)  
  49  4:15  Probe (Chrono Boost), Observer (Chrono Boost)  
  52  4:30  Adept x2  
  52  4:32  Probe  
  52  4:34  Probe  
  52  4:37  Warp Prism (Chrono Boost)  
  51  4:39  Assimilator  
  51  4:40  Assimilator  
  51  4:44  Probe  
  54  4:49  Photon Cannon  
  54  4:50  Pylon  
  54  4:54  Photon Cannon  
  54  4:56  Dark Templar, Pylon  
  54  4:57  Dark Templar  
  54  4:59  Probe  
  58  5:01  Probe  
  60  5:10  Pylon  
  60  5:14  Nexus  
  60  5:16  Pylon  
  60  5:23  Probe x2  

Tags
 
Add a new tag
Caveats
  • Supply blocks, unpowered buildings, or Contaminate may cause inaccurate times.
  • Supply counts are checked every 10 seconds.